 Dungeon Crawl Stone Soup version 0.29.1-15-g9cfb28693d (webtiles) character file.

Game seed: 2978018094470132762

23 raph the Caller (level 2, -1/15 HPs)
             Began as a Deep Elf Summoner on Apr 26, 2023.
             Slain by a goblin
             ... wielding a +0 club
              (3 damage)
             ... on level 1 of the Dungeon.
             The game lasted 00:01:29 (1113 turns).

raph the Caller (Deep Elf Summoner)                 Turns: 1113, Time: 00:01:30

Health: -1/15      AC:  3    Str:  5    XL:     2   Next: 75%
Magic:  6/8        EV: 12    Int: 19    God:
Gold:   21         SH:  0    Dex: 15    Spells: 4/7 levels left

rFire   . . .      SeeInvis .   f - +0 dagger
rCold   . . .      Faith    .   (no shield)
rNeg    . . .      Spirit   .   a - +0 robe
rPois   .          Reflect  .   (no helmet)
rElec   .          Harm     .   d - +0 cloak
rCorr   .          Rampage  .   (no gloves)
Will    .....                   (no boots)
Stlth   ++........              (no amulet)
HPRegen 0.05/turn               (no ring)
MPRegen 0.11/turn               (no ring)

@: no status effects
A: no striking features
a: no special abilities


You were on level 1 of the Dungeon.
You visited 1 branch of the dungeon, and saw 1 of its levels.

You collected 21 gold pieces.

Inventory:

Hand Weapons
 c - a +0 short sword
 f - a +0 dagger (weapon)
Missiles
 k - 5 silver javelins
Armour
 a - a +0 robe (worn)
 d - a +0 cloak (worn)
Scrolls
 e - a scroll of noise {unknown}
 g - a scroll of identify {unknown}
 h - a scroll of amnesia {unknown}
Potions
 b - a potion of magic
 i - a potion of ambrosia {unknown}
 j - a potion of brilliance {unknown}


   Skills:
 - Level 2.4 Dodging
 - Level 2.4 Stealth
 - Level 3.0 Spellcasting
 + Level 5.3 Summonings


You had 4 spell levels left.
You knew the following spells:

 Your Spells              Type           Power      Damage    Failure   Level
a - Summon Small Mammal   Summ           92%        N/A       1%          1
b - Call Imp              Summ           23%        N/A       2%          2

Your spell library contained the following spells:

 Spells                   Type           Power      Damage    Failure   Level
 Call Canine Familiar     Summ           23%        N/A       4%          3
 Summon Guardian Golem    Hex/Summ       13%        N/A       16%         3
 Summon Lightning Spire   Summ/Air       13%        N/A       45%         4


Dungeon Overview and Level Annotations

Branches:
Dungeon (1/15)

Altars:


Message History

A ball python comes into view.
The ball python moves out of view.
A bat comes into view.
The bat hits you. The bat closely misses you.
An endoplasm comes into view.
Found a scroll labelled ITI GETZU METEHU.
The bat hits you but does no damage.
A jackal comes into view.
A quokka comes into view.
The bat hits you. The goblin attacks as you move away!
The goblin hits you with a +0 club. The bat hits you.
The jackal barks!
The endoplasm quivers.
You hit the bat.
The bat is moderately wounded.
You hear an angry hiss.
The bat hits you but does no damage. The goblin hits you with a +0 club.
* * * LOW HITPOINT WARNING * * *
You hit the bat.
The bat is severely wounded.
The bat hits you but does no damage.
A bat comes into view.
The goblin closely misses you. The endoplasm closely misses you.
The goblin attacks as you move away! The goblin barely misses you.
The bat hits you but does no damage. The bat hits you.
* * * LOW HITPOINT WARNING * * *
A goblin comes into view. It is wielding a +0 dagger.
The bat closely misses you.
Casting: Summon Small Mammal (safe; 1% risk of failure)
Confirm with . or Enter, or press ? or * to list all spells.
A metallic apparition takes form in the air.
The bat closely misses you. The bat closely misses your iron imp.
The goblin hits you with a +0 club.
* * * LOW HITPOINT WARNING * * *
The bat hits your iron imp. The bat attacks as you move away!
The bat barely misses you. The goblin attacks as you move away!
The goblin hits you with a +0 club.
You die...

#.# #.# ...# ##### #.# #..
...# #.# #.. #.###.###.#
... #.#.....#.#
#.##########.#.#.#.#.## #
##g..5b............†....
#g#.?###J@.####.#.#####.##
#...##Sg#.####.#.....#.#
##..r..##....#.#####.#.#
#...b#######.#.### #.#.##
#.#...# #.....###.#.#.
#.##..# ###........... .
#..# ###..####.## r ...#
#.......# .# .#..#
#.########


You could see an endoplasm, a quokka, 2 goblins, 2 bats, a ball python and a
friendly iron imp (summoned).

Vanquished Creatures
  2 bats (D:1)
  A giant cockroach (D:1)
  A goblin (D:1)
  A ball python (D:1)
  A kobold (D:1)
  A rat (D:1)
7 creatures vanquished.

Vanquished Creatures (collateral kills)
  A dart slug (D:1)
  3 bats (D:1)
  5 hobgoblins (D:1)
  A kobold (D:1)
  A ball python (D:1)
  A frilled lizard (D:1)
12 creatures vanquished.

Grand Total: 19 creatures vanquished

Notes
Turn   | Place    | Note
-------+----------+-------------------------------------------
     0 | D:1      | raph the Deep Elf Summoner began the quest for the Orb.
     0 | D:1      | Reached XP level 1. HP: 10/10 MP: 6/6
   221 | D:1      | Found a faded altar of an unknown god.
   542 | D:1      | Reached XP level 2. HP: 15/15 MP: 6/8
   575 | D:1      | Reached skill level 5 in Summonings
   615 | D:1      | Learned a level 2 spell: Call Imp
  1113 | D:1      | Slain by a goblin

Illustrated notes

Levels and vault maps discovered:
D:1:      nicolae_arrival_somewhat_less_tricky_arrival, layout_basic,
          basic_ecumenical_altar, minmay_ruptured

Skill      XL: |  1  2 |
---------------+-------+-----
Summonings     | 5 |  5.3
Dodging        | |  2.4
Stealth        | |  2.4
Spellcasting   | |  3.0

Action                   || total
-------------------------++-------
Melee: Short sword       ||     2
       Dagger            ||    18
 Cast: Summon Small Mamm ||    15
       Call Imp          ||     2
 Stab: Sleeping          ||     4
Armor: Robe              ||     4
Dodge: Dodged            ||    27
